 Dungeon Crawl Stone Soup version 0.26.1-2-gb8aa6d0cf2 (webtiles) character file.

Game seed: 17716282344151898303

8769 RaHiT the Covert (level 11, -4/112 HPs)
             Began as an Octopode Delver on Mar 15, 2021.
             Was an Elder of Cheibriados.
             Shot with a bolt by a yaktaur (10 damage)
             ... on level 11 of the Dungeon on Mar 20, 2021.
             The game lasted 01:32:29 (10897 turns).

RaHiT the Covert (Octopode Delver)                 Turns: 10897, Time: 01:32:30

Health: -4/112     AC: 25    Str: 22    XL:     11   Next: 36%
Magic:  17/27      EV:  2    Int: 21    God:    Cheibriados [****..]
Gold:   387        SH:  0    Dex: 23    Spells: 17/19 levels left

rFire    . . .     SeeInvis .   g - +2 dagger (venom)
rCold    . . .     Faith    .   (no shield)
rNeg     + + +     Spirit   .   (helmet currently unavailable)
rPois    +         Reflect  .   n - amulet of magic regeneration
rElec    .         Harm     .   I - ring of willpower
rCorr    .         Rampage  .   K - ring of magical power
Will     +....     NoTele   +   (no ring)
Stlth    +++++.....             (no ring)
HPRegen  0.28/turn              (no ring)
MPRegen  0.45/turn              (no ring)
                                (no ring)
                                (no ring)

@: tree-form, very slow
A: almost no armour, stealthy swim, (amphibious), 8 rings, (constrict 8), dopey
2, strong 1
a: Renounce Religion, Bend Time, Temporal Distortion, Slouch


You were on level 11 of the Dungeon.
You worshipped Cheibriados.
Cheibriados was greatly pleased with you.
You were a tree.
You visited 2 branches of the dungeon, and saw 12 of its levels.

You collected 709 gold pieces.
You spent 322 gold pieces at shops.

Inventory:

Hand Weapons
 c - a +5 hand crossbow
 g - a +2 dagger of venom (weapon)
 M - a +1 shortbow of freezing
 P - a +1 scimitar of flaming
Missiles
 f - 428 stones
 i - 11 poisoned darts (quivered)
 o - 42 bolts
 u - 244 arrows
 v - 7 javelins
 z - 3 throwing nets
 E - 4 atropa-tipped darts
Armour
 D - a +0 buckler
Jewellery
 n - an amulet of magic regeneration (around neck)
 I - a ring of willpower (left branch)
 K - a ring of magical power (right branch)
 N - the cursed ring "Web Kev" {EV-4 Str+2 Dex+2}
   (You took it off an ogre mage on level 11 of the Dungeon)

   [ring of evasion]

   It affects your evasion (-4).
   It affects your strength (+2).
   It affects your dexterity (+2).
   It has a curse placed upon it.
Wands
 e - a wand of digging (1)
 t - a wand of iceblast (9)
 B - a wand of disintegration (30)
 J - a wand of flame (46)
 L - a wand of acid (7)
 O - a wand of paralysis (5)
Scrolls
 b - 2 scrolls of magic mapping
 d - a scroll of immolation {unknown}
 k - a scroll of enchant armour {unknown}
 l - 3 scrolls of remove curse
 m - 10 scrolls of teleportation
 q - 3 scrolls of blinking
 r - 2 scrolls of identify
 y - a scroll of amnesia {unknown}
 C - a scroll of noise {unknown}
 G - 2 scrolls of vulnerability {unknown}
 H - a scroll of holy word {unknown}
Potions
 a - 2 potions of might {unknown}
 h - 4 potions of attraction
 j - a potion of ambrosia {unknown}
 p - 3 potions of curing
 s - 3 potions of flight
 w - a potion of lignification
 x - a potion of resistance {unknown}
 A - 2 potions of invisibility {unknown}


   Skills:
 - Level 7.0 Fighting
 - Level 7.0 Throwing
 - Level 7.0 Dodging
 + Level 11.0 Stealth
 - Level 7.0 Unarmed Combat
 + Level 4.6 Spellcasting
 + Level 6.3 Invocations
 - Level 5.0 Evocations


You had 17 spell levels left.
You knew the following spells:

 Your Spells              Type           Power        Failure   Level
b - Corona                Hex            4%           12%         1
o - Apportation           Tloc           8%           12%         1

Your spell library contained the following spells:

 Spells                   Type           Power        Failure   Level
 Animate Skeleton         Necr           8%           12%         1
 Pain                     Necr           16%          12%         1
 Summon Small Mammal      Summ           16%          12%         1
 Slow                     Hex            4%           17%         2
 Inner Flame              Hex/Fire       4%           34%         3
 Portal Projectile        Hex/Tloc       8%           34%         3
 Vampiric Draining        Necr           2%           34%         3
 Animate Dead             Necr           2%           75%         4
 Cause Fear               Hex            2%           75%         4
 Leda's Liquefaction      Hex/Erth       2%           75%         4
 Agony                    Necr           4%           97%         5


Dungeon Overview and Level Annotations

Branches:
Dungeon (11/15)            Temple (1/1) D:6             Orc (0/2) D:11
   Lair: D:8-11

Altars:
Ashenzari
Cheibriados
Dithmenos
Elyvilon
Fedhas
Gozag
Kikubaaqudgha
Makhleb
Nemelex Xobeh
Okawaru
Qazlal
Sif Muna
Trog
Uskayaw
Vehumet
Wu Jian
Xom
Yredelemnul
Zin
The Shining One

Shops:
D:5 (*   D:6 !!(}   D:8 =

Portals:
Trove: D:11 (give whip "Snakebite")


Innate Abilities, Weirdness & Mutations

You cannot wear most types of armour.
You are very stealthy in the water. (Stealth+)
((You are amphibious.))
You can wear up to eight rings at the same time.
((You can use your tentacles to constrict eight enemies at once.))
((Your skin changes colour to match your surroundings (Stealth+).))
((Your rubbery body absorbs attacks. (AC +1, EV +1)))
You are very dopey. (Int -4)
Your muscles are strong. (Str +2)


Message History

Your punch misses the orc warrior.
The orc warrior is severely wounded.
The orc warrior hits you but does no damage.
Okay, then.
Okay, then.
You can feel time thicken for a moment.
You kill the orc warrior!
Cheibriados thoroughly appreciates the change of pace.
The yaktaur captain shoots a bolt.
The bolt hits you!!
* * * LOW HITPOINT WARNING * * *
You feel better.
A yaktaur comes into view.
It is wearing the ring of Vuexze {rN++ Str+3 Stlth+}.
You feel better.
The yaktaur captain shoots a bolt.
The bolt hits you!!
* * * LOW HITPOINT WARNING * * *
You hear a horrible gurgling sound!
Unknown command.
As you read the scroll of fog, it crumbles to dust.
The scroll dissolves into smoke.
The yaktaur wields a +0 arbalest.
The yaktaur shoots a bolt.
The bolt hits you!
You die...

#.............##
#.o.#..#.#.
#..............#
#...##.....
#....≈.........##
#...T#..##.
#....≈≈.....#...#
#..#.##.##.
#...........#...##
......#..#.
#...........##...#
...###.##.#.
#...........##...##
........#...
#...........###§§§#
...#####.##..
#...........# #§♣§#
....o....#..
#...........#
##§§.# .#######.#..
############# #..c#
######+.. >#.c.C
......... . .....
......... ## ####.#
....>.... .#
##...... # #...#.^
#...#..


You could see a yaktaur captain, a cyclops and a yaktaur.

Vanquished Creatures
  Harold (D:9)
  An ogre mage (D:11)
  2 two-headed ogres
  An efreet (D:11)
  Grinder (D:3)
  Sigmund (D:3)
  A steam dragon (D:8)
  2 swamp worms (D:10)
  2 water moccasins
  2 phantoms
  An ice beast (D:6)
  4 orc warriors
  A sky beast (D:6)
  A necrophage (D:8)
  2 eyes of draining
  8 ogres
  5 centaurs
  A big kobold (D:8)
  7 bullfrogs
  A gnoll sergeant (D:7)
  2 scorpions
  7 howler monkeys
  5 wights (D:8)
  2 electric eels (D:10)
  A centaur zombie (D:6)
  A quasit (D:6)
  5 orc wizards
  2 centaur skeletons
  5 orc priests
  8 hounds
  2 jellies
  2 bullfrog skeletons (D:6)
  A bullfrog zombie (D:9)
  Jessica (D:3)
  3 iguanas
  10 worker ants
  A hound zombie (D:10)
  2 worker ant zombies (D:11)
  11 adders
  A howler monkey skeleton (D:5)
  7 gnolls
  3 shadow imps
  3 white imps
  3 ufetubi
  2 oozes
  2 adder skeletons
  3 dart slugs
  8 leopard geckos
  43 orcs
  2 ball pythons
  8 bats
  8 giant cockroaches
  9 goblins
  5 hobgoblins
  14 jackals
  4 quokkas
  5 frilled lizards
  13 kobolds
  2 quokka skeletons
  9 rats
  A spectral orc (D:4)
271 creatures vanquished.

Vanquished Creatures (others)
  5 plants
5 creatures vanquished.

Grand Total: 276 creatures vanquished

Notes
Turn   | Place    | Note
-------+----------+-------------------------------------------
     0 | D:5      | RaHiT the Octopode Delver began the quest for the Orb.
     0 | D:5      | Reached XP level 1. HP: 16/16 MP: 1/1
    80 | D:5      | Reached XP level 2. HP: 14/21 MP: 2/2
   172 | D:5      | Found a broken altar of Ashenzari.
   191 | D:5      | Reached skill level 7 in Stealth
   191 | D:5      | Reached XP level 3. HP: 13/26 MP: 2/4
   311 | D:5      | Noticed a phantom
   406 | D:5      | Reached skill level 1 in Evocations
   469 | D:3      | Reached skill level 1 in Spellcasting
   469 | D:3      | Reached XP level 4. HP: 22/31 MP: 5/5
   495 | D:3      | Noticed Jessica
   558 | D:3      | Killed Jessica
   635 | D:3      | Reached XP level 5. HP: 34/36 MP: 5/7
   641 | D:3      | Reached skill level 1 in Throwing
   695 | D:3      | Noticed Grinder
   706 | D:3      | Killed Grinder
   707 | D:3      | Reached skill level 8 in Stealth
   707 | D:3      | Reached XP level 6. HP: 13/42 MP: 7/9
  1044 | D:2      | Found a radiant altar of Vehumet.
  1099 | D:3      | Noticed Sigmund
  1136 | D:3      | Killed Sigmund
  1137 | D:3      | Reached XP level 7. HP: 46/46 MP: 10/10
  3050 | D:4      | Reached XP level 8. HP: 17/54 MP: 11/11
  3790 | D:4      | Found a basalt altar of Yredelemnul.
  3913 | D:5      | Found Dekocs Reme's Hydra Hut.
  4021 | D:5      | Noticed a five-headed hydra
  4155 | D:5      | Found Ganwan's Assorted Antiques.
  4492 | D:6      | Found Lytoaps's Antique Weapon Boutique.
  4628 | D:6      | Learned a level 1 spell: Apportation
  4630 | D:6      | Learned a level 1 spell: Corona
  4637 | D:6      | Found Idirhep's Distillery.
  4647 | D:6      | Bought a potion of mutation for 96 gold pieces
  4647 | D:6      | Bought a potion of heal wounds for 60 gold pieces
  4647 | D:6      | Bought a potion of lignification for 36 gold pieces
  4647 | D:6      | Gained mutation: Your body sometimes deteriorates upon
                  | taking damage. [potion of mutation]
  4647 | D:6      | Gained mutation: Your body often deteriorates upon taking
                  | damage. [potion of mutation]
  4647 | D:6      | Gained mutation: Scrolls take you a little longer to read.
                  | [potion of mutation]
  4647 | D:6      | Gained mutation: You expend magic power (3 MP) to
                  | strengthen your wands. [potion of mutation]
  4648 | D:6      | Lost mutation: You expend magic power (3 MP) to strengthen
                  | your wands. [potion of mutation]
  4648 | D:6      | Lost mutation: Your body often deteriorates upon taking
                  | damage. [potion of mutation]
  4648 | D:6      | Lost mutation: Scrolls take you a little longer to read.
                  | [potion of mutation]
  4648 | D:6      | Lost mutation: Your body sometimes deteriorates upon taking
                  | damage. [potion of mutation]
  4648 | D:6      | Gained mutation: You are dopey. (Int -2) [potion of
                  | mutation]
  4648 | D:6      | Gained mutation: You are very dopey. (Int -4) [potion of
                  | mutation]
  4648 | D:6      | Gained mutation: Your muscles are strong. (Str +2) [potion
                  | of mutation]
  4693 | D:6      | Found a staircase to the Ecumenical Temple.
  4702 | Temple   | Entered the Ecumenical Temple
  4846 | Temple   | Became a worshipper of Cheibriados the Contemplative
  4882 | D:6      | Reached skill level 5 in Fighting
  4897 | D:6      | Reached XP level 9. HP: 47/61 MP: 13/13
  4982 | D:6      | Reached skill level 5 in Dodging
  5126 | D:6      | Reached skill level 5 in Unarmed Combat
  5210 | D:6      | Found a white marble altar of Elyvilon.
  5218 | D:6      | Found a burning altar of Makhleb.
  5219 | D:6      | Found a bloodstained altar of Trog.
  5266 | D:6      | Found Wemumagu's Distillery.
  5275 | D:6      | Bought a potion of degeneration for 10 gold pieces
  5275 | D:6      | Bought a potion of lignification for 30 gold pieces
  5275 | D:6      | Bought 2 potions of lignification for 60 gold pieces
  5275 | D:6      | Bought a potion of attraction for 30 gold pieces
  5357 | D:6      | Reached skill level 5 in Throwing
  5723 | D:6      | Found Nodocuir's Gadget Shoppe.
  5741 | D:6      | Reached skill level 1 in Invocations
  5788 | D:6      | Found a shimmering blue altar of Sif Muna.
  5797 | D:6      | Reached * piety under Cheibriados
  6716 | D:6      | HP: 2/62 [ice beast (13)]
  7150 | D:7      | Reached ** piety under Cheibriados
  7427 | D:7      | Reached skill level 9 in Stealth
  7441 | D:7      | Reached XP level 10. HP: 29/68 MP: 14/14
  7487 | D:7      | Reached skill level 5 in Evocations
  7960 | D:8      | Found Kafigi's Jewellery Shop.
  8084 | D:8      | Reached *** piety under Cheibriados
  9140 | D:9      | Noticed a two-headed ogre
  9211 | D:9      | Killed a two-headed ogre
  9218 | D:9      | Noticed a +0 dagger
  9219 | D:9      | Found a hide-covered altar of Uskayaw.
  9219 | D:9      | Noticed a -2 dagger
  9233 | D:9      | Noticed Harold
  9353 | D:9      | Killed Harold
  9596 | D:10     | Entered Level 10 of the Dungeon
  9608 | D:10     | Reached **** piety under Cheibriados
  9630 | D:10     | Noticed a death yak
  9733 | D:10     | Reached skill level 10 in Stealth
  9733 | D:10     | Reached skill level 5 in Invocations
  9733 | D:10     | Reached XP level 11. HP: 75/75 MP: 14/16
 10085 | D:10     | Noticed a death yak
 10085 | D:10     | Noticed a death yak
 10085 | D:10     | Noticed a death yak
 10278 | D:11     | Noticed a two-headed ogre
 10287 | D:11     | Killed a two-headed ogre
 10685 | D:11     | Found a portal to a secret trove of treasure.
 10837 | D:11     | Identified the cursed ring "Web Kev" {EV-4 Str+2 Dex+2}
 10837 | D:11     | Noticed an ogre mage
 10853 | D:11     | Killed an ogre mage
 10854 | D:11     | Reached skill level 11 in Stealth
 10886 | D:11     | Found a staircase to the Orcish Mines.
 10886 | D:11     | Noticed a yaktaur captain
 10892 | D:11     | Noticed a cyclops
 10895 | D:11     | Identified the ring of Vuexze {rN++ Str+3 Stlth+}
 10897 | D:11     | Shot with a bolt by a yaktaur

Illustrated notes

Levels and vault maps discovered:
D:1:      mrwooster_arrival_statue, layout_rooms
D:2:      lemuel_upstairs_altar, layout_basic
D:3:      layout_basic, kennysheep_generic_room_14, uniq_jessica, uniq_sigmund,
          uniq_grinder
D:4:      cheibrodos_barr_body, layout_rooms,
          yredelemnul_forgotten_temple_becter
D:5:      layout_basic, nicolae_overflow_hidden_temple, serial_shops,
          nicolae_shop_overgrown_old_shop, doesnt_shop_hydraphobe
D:6:      layout_cave_pods, grunt_temple_overflow_open,
          minmay_temple_entry_wispy, serial_shops, shop_fountains,
          nicolae_shop_window_shopping, shop, nicolae_shop_statue_plus,
          ebering_dispersal_statue_hall, grunt_tough_drop
D:7:      layout_cave_pools
D:8:      layout_loops_ring, serial_shops, shop, kennysheep_another_room,
          minmay_holes
D:9:      layout_rooms, dancing_weapons_uskayaw, uniq_harold
D:10:     layout_basic, dpeg_lair_monsters, worms_lemuel
D:11:     minmay_the_grid_triangle_9x9_rhombus_thin_mashed
          [minmay_the_grid_triangle_9x9_pentomino_pain,
          minmay_the_grid_triangle_9x9_prize_insulated,
          minmay_the_grid_triangle_9x9_steps,
          minmay_the_grid_triangle_9x9_intruding_spiral], layout_basic,
          orc_0_dummy, nicolae_trove_entry_crossroad
Temple:   regret_index_temple_generic_petals

Skill      XL: |  1  2  3  4  5  6  7  8  9 10 11 |
---------------+----------------------------------+-----
Stealth        | 7 8 9 10 11 | 11.0
Evocations     | 1 3 4 5 |  5.0
Spellcasting   | 1 2 3 4 |  4.6
Unarmed Combat | 3 4 6 7 |  7.0
Dodging        | 3 4 6 7 |  7.0
Throwing       | 2 3 4 5 7 |  7.0
Fighting       | 4 5 6 7 |  7.0
Invocations    | 2 5 6 |  6.3

Action                   |  1- 3 |  4- 6 |  7- 9 | 10-12 || total
-------------------------+-------+-------+-------+-------++-------
Melee: Unarmed           |    20 |       |   138 |    78 ||   236
       Constrict         |     8 |    18 |    94 |    27 ||   147
       Tentacles         |     5 |    13 |    92 |    53 ||   163
       Dagger            |     4 |    59 |   276 |    64 ||   403
       Punch             |     1 |       |    17 |    21 ||    39
 Fire: Hand crossbow     |       |       |       |     9 ||     9
Throw: Stone             |     4 |     6 |    87 |    44 ||   141
       Dart              |       |       |    72 |    15 ||    87
       Javelin           |       |       |     1 |       ||     1
Invok: Temporal Distorti |       |       |       |     3 ||     3
       Slouch            |       |       |       |     1 ||     1
Evoke: Wand              |     1 |       |       |     4 ||     5
  Use: Potion            |       |     1 |     5 |     5 ||    11
       Scroll            |       |       |     3 |    15 ||    18
 Stab: Sleeping          |     1 |     4 |    27 |    13 ||    45
Armor: Skin              |     2 |     4 |    10 |    17 ||    33
Dodge: Dodged            |    13 |    28 |   272 |    70 ||   383
